 Dungeon Crawl Stone Soup version 0.31-a0-233-g139696dc86 (webtiles) character file.

Game seed: 15885615589855090952

350 olmar the Covered (level 6, -1/55 HPs)
             Began as an Armataur Fighter on July 8, 2023.
             Slain by an orc
             ... wielding a +0 flail
              (4 damage)
             ... on level 4 of the Dungeon.
             The game lasted 00:03:00 (2890 turns).

olmar the Covered (Armataur Fighter)                Turns: 2890, Time: 00:03:00

Health: -1/55      AC:  7    Str: 23    XL:     6   Next: 34%
Magic:  0/6        EV:  7    Int:  8    God:
Gold:   145        SH:  4    Dex: 10    Spells: 5/5 levels left

rFire   . . .        a - +0 flail
rCold   + + .        c - +0 buckler
rNeg    . . .        b - +0 scale mail
rPois   .            (no helmet)
rElec   .            (no cloak)
rCorr   .            (no gloves)
SInv    .            (no barding)
Will    .....        j - amulet of guardian spirit Stlth
                     p - ring of protection from cold
HPRegen 0.29/turn    q - ring of protection from cold
MPRegen 0.10/turn

%: guardian spirit, roll
@: no status effects
A: large, rugged brown scales 3, deformed body, armoured tail, roll, long
tongue, awkward tongue
a: no special abilities


You were on level 4 of the Dungeon.
You visited 1 branch of the dungeon, and saw 4 of its levels.

You collected 145 gold pieces.

Inventory:

Hand Weapons
 a - a +0 flail (weapon)
Missiles
 s - 11 poisoned darts
Armour
 b - a +0 scale mail (worn)
 c - a +0 buckler (worn)
Jewellery
 j - an amulet of guardian spirit (around neck)
 p - a ring of protection from cold (left hand)
 q - a ring of protection from cold (right hand)
Scrolls
 n - a scroll of poison {unknown}
 o - a scroll of noise {unknown}
 r - a scroll of enchant armour {unknown}
Potions
 d - 2 potions of might
 e - 2 potions of degeneration
 f - a potion of invisibility {unknown}
 g - 4 potions of curing
 k - a potion of ambrosia {unknown}
 m - a potion of enlightenment {unknown}


   Skills:
 + Level 3.6 Fighting
 + Level 4.3 Maces & Flails
 + Level 4.9 Armour
 - Level 0.4 Dodging
 + Level 4.2 Shields


You had 5 spell levels left.
You didn't know any spells.
Your spell library contained the following spells:

 Spells                   Type           Power      Damage    Failure   Level
 Apportation              Tloc           0%         N/A       77%         1
 Slow                     Hex            0%         N/A       77%         1
 Confusing Touch          Hex            0%         N/A       98%         3
 Vampiric Draining        Necr           0%         2d6       98%         3
 Alistair's Intoxication  Tmut/Pois      0%         N/A       100%        5


Dungeon Overview and Level Annotations

Branches:
Dungeon (4/15)             Temple (0/1) D:4

Altars:
Dithmenos
Sif Muna

Shops:
D:1 [

Annotations:
D:2 1 runed translucent door, Crazy Yiuf
D:4 Eustachio


Innate Abilities, Weirdness & Mutations

You are completely covered in rugged brown scales. (AC +3, +7% HP)
Armour fits poorly on your strangely shaped body.
You have a long armoured tail.
You roll when moving toward enemies. (Rampage)
Your long tongue fully drains potion bottles. (2x potion effects)
Your tongue gives you trouble enunciating. (1.5x scroll delay)


Message History

You barely miss the orc wizard.
The orc wizard is severely wounded.
The orc hits you but does no damage. You block the orc wizard's attack.
Unknown command.
You sock the orc wizard!
You kill the orc wizard!
The orc hits you with a +0 mace. You block the orc's attack.
Unknown command.
You hit the orc.
You tail-slap the orc, but do no damage.
The orc is severely wounded.
The orc hits you but does no damage. The orc barely misses you.
Unknown command.
You hit the orc.
The orc is moderately wounded.
The orc hits you with a +0 mace.
* * * LOW HITPOINT WARNING * * *
The orc hits you but does no damage.
Unknown command.
You barely miss the orc.
The orc is moderately wounded.
The orc hits you with a +0 mace.
* * * LOW HITPOINT WARNING * * *
The orc hits you with a +0 flail.
* * * LOW HITPOINT WARNING * * *
Unknown command.
You hit the orc.
You kill the orc!
The orc hits you but does no damage.
Unknown command.
You barely miss the orc.
The orc is moderately wounded.
The orc hits you with a +0 flail!
* * * LOW HITPOINT WARNING * * *
The orc hits you but does no damage.
Unknown command.
You closely miss the orc.
The orc is moderately wounded.
The orc hits you with a +0 flail.
You die...

*,8,8,* *,,,,,, *,,_.,*
*,,,,,* ##*,..** *,,,,,*
##.**.## ****,,,,*
########..##..# ***,,,,,,,,
########.......# *,.,,,**,>,
########.......###*..,****,,,
#######...>))....#...,,***,,,
#######....o@#..,...#*,*,+,,,
#######..#.)####$....*+*,***,
######..##...........*,,,,,*,
######...........##+**,,,,,*,
######...........#,,,*,,,,,*,
##..###......###+#,,,*+*,****
#....####....###,,,,,,,*,+,,,
#.o>.#..#..#####**,,,*****,,,
*#..o.o.........#,+,,,+,*,,,,,


You could see an orc.

Vanquished Creatures
  Sigmund (D:3)
  An orc wizard (D:4)
  5 adders
  2 worms (D:2)
  3 dart slugs (D:3)
  11 orcs
  6 ball pythons
  12 bats
  7 endoplasms
  5 giant cockroaches
  5 goblins (D:1)
  7 hobgoblins
  4 jackals (D:1)
  2 quokkas (D:2)
  A frilled lizard (D:1)
  9 kobolds
  2 rats
83 creatures vanquished.

Notes
Turn   | Place    | Note
-------+----------+-------------------------------------------
     0 | D:1      | olmar the Armataur Fighter began the quest for the Orb.
     0 | D:1      | Reached XP level 1. HP: 19/19 MP: 1/1
    63 | D:1      | Reached XP level 2. HP: 21/26 MP: 2/2
   327 | D:1      | Reached XP level 3. HP: 32/32 MP: 3/3
   545 | D:1      | Found Veth's Antique Armour Emporium.
   802 | D:2      | Found a shadowy altar of Dithmenos.
  1003 | D:2      | Found a runed translucent door.
  1004 | D:2      | Noticed Crazy Yiuf
  1460 | D:2      | Reached XP level 4. HP: 35/40 MP: 4/4
  1872 | D:3      | Noticed Sigmund
  1885 | D:3      | Killed Sigmund
  1886 | D:3      | Reached XP level 5. HP: 29/48 MP: 5/5
  2058 | D:3      | Reached XP level 6. HP: 50/54 MP: 6/6
  2850 | D:4      | Noticed Eustachio
  2866 | D:4      | Found a shimmering blue altar of Sif Muna.
  2890 | D:4      | Slain by an orc

Illustrated notes

Levels and vault maps discovered:
D:1:      doesnt_arrival_eight_statues, layout_basic, serial_shops, shop,
          st_stairs_7, minmay_tiny_reverse_x
D:2:      layout_loops_corners, basic_altar, nicolae_underground_beach,
          uniq_crazy_yiuf_cottage
D:3:      layout_basic, hex_large, uniq_sigmund
D:4:      nicolae_cairo_tiling_large, layout_cave_pools, led_sif_book,
          minmay_temple_entry_wispy, enter_ossuary_3, minmay_snake_closets,
          uniq_grinder, uniq_eustachio

Skill      XL: |  1  2  3  4 |
---------------+-------------+-----
Maces & Flails | 2 4 |  4.3
Armour         | 4 |  4.9
Fighting       | 3 |  3.6
Shields        | 4 |  4.2
Dodging        | |  0.4

Action                     |  1- 3 |  4- 6 || total
---------------------------+-------+-------++-------
  Melee: Flail             |   151 |   114 ||   265
         Tailslap          |    12 |    12 ||    24
    Use: Scroll            |       |     5 ||     5
         Potion            |       |     1 ||     1
 Armour: Scale mail        |    88 |    71 ||   159
  Dodge: Dodged            |    44 |    40 ||    84
  Block: Buckler           |    39 |    26 ||    65

Table legend: (Time is in decaauts)
 A = Elapsed time spent in this place.
 B = Non-inter-level travel time spent in this place.
 C = Inter-level travel time spent in this place.
 D = Time resting spent in this place.
 E = Time spent auto-exploring this place.
 F = Levels seen in this place.
 G = Mean time per level.
                   A        B        C        D        E       F      G
               +--------+--------+--------+--------+--------+-----+--------+
         Total |   2968 |   2835 |    133 |      0 |   2260 |   4 |  742.0 |
       Dungeon |   2968 |   2835 |    133 |      0 |   2260 |   4 |  742.0 |
               +--------+--------+--------+--------+--------+-----+--------+

Top non-repeatable levels by time:
     D:3: 1068 daAuts
     D:2: 1031 daAuts
     D:1: 820 daAuts
     D:4: 47 daAuts
